 Dungeon Crawl Stone Soup version 0.20.1-1-g8b1a95d (webtiles) character file.

203 Inkary the Twirler (level 5, -4/42 HPs)
             Began as a Minotaur Gladiator on Oct 9, 2017.
             Was an Initiate of Makhleb.
             Slain by Zgarb's ghost (16 damage)
             ... on level 4 of the Dungeon.
             The game lasted 00:03:34 (1920 turns).

Inkary the Twirler (Minotaur Gladiator)             Turns: 1920, Time: 00:03:35

Health: -4/42      AC:  4    Str: 19    XL:     5   Next: 51%
Magic:  4/4        EV: 10    Int:  5    God:    Makhleb [......]
Gold:   222        SH:  7    Dex: 12    Spells: 4/4 levels left

rFire    . . .     SeeInvis .   v - staff of poison
rCold    . . .     Gourm    .   s - +0 shield
rNeg     . . .     Faith    .   b - +0 leather armour
rPois    +         Spirit   .   c - +0 hat
rElec    .         Reflect  .   (no cloak)
rCorr    .         Harm     .   g - +0 pair of gloves
MR       .....                  (no boots)
Stlth    +.........             (no amulet)
Regen    0.2/turn               (no ring)
MPRegen  0.1/turn               (no ring)

@: no status effects
A: retaliatory headbutt, horns 2
a: Renounce Religion


You were on level 4 of the Dungeon.
You worshipped Makhleb.
Makhleb was noncommittal.
You were very hungry.

You visited 2 branches of the dungeon, and saw 5 of its levels.

You collected 222 gold pieces.

Inventory:

Hand Weapons
 a - a +0 quarterstaff
Missiles
 d - 3 throwing nets (quivered)
 r - 6 javelins
Armour
 b - a +0 leather armour (worn)
 c - a +0 hat (worn)
 g - a +0 pair of gloves (worn)
 s - a +0 shield (worn)
Magical Staves
 v - an uncursed staff of poison (weapon)
Scrolls
 e - 2 scrolls of identify {unknown}
 i - 2 scrolls of recharging {unknown}
 j - a scroll of blinking {unknown}
 k - 2 scrolls of noise {unknown}
 n - a scroll of magic mapping {unknown}
 o - 2 scrolls of teleportation {unknown}
Potions
 h - 2 potions of heal wounds {unknown}
 m - 2 potions of degeneration {unknown}
 q - a potion of lignification {unknown}
 t - a potion of curing {unknown}
 u - a potion of haste {unknown}
Comestibles
 f - 5 bread rations
 p - a meat ration


   Skills:
 - Level 2.4 Fighting
 * Level 7.6 Staves
 - Level 2.0 Throwing
 - Level 3.2 Dodging


You had 4 spell levels left.
You didn't know any spells.

Dungeon Overview and Level Annotations

Branches:
Dungeon (4/15)             Temple (1/1) D:4

Altars:
Ashenzari
Cheibriados
Fedhas
Makhleb
Nemelex Xobeh
Okawaru
Qazlal
Ru
Uskayaw
Yredelemnul
The Shining One

Annotations:
D:4 Zgarb's ghost, amateur DsAK


Innate Abilities, Weirdness & Mutations

You reflexively headbutt those who attack you in melee.
You have a pair of horns on your head.


Message History

You block Zgarb's ghost's attack.
You closely miss Zgarb's ghost.
Zgarb's ghost is heavily damaged.
Zgarb's ghost closely misses you.
You hit Zgarb's ghost but do no damage.
Zgarb's ghost is heavily damaged.
You closely miss Zgarb's ghost. You headbutt Zgarb's ghost.
Zgarb's ghost is severely damaged.
Zgarb's ghost hits you but does no damage.
You hit Zgarb's ghost but do no damage. Your headbutt misses Zgarb's ghost.
Zgarb's ghost is severely damaged.
Zgarb's ghost hits you.
You hit Zgarb's ghost but do no damage.
Zgarb's ghost is severely damaged.
Zgarb's ghost hits you!
* * * LOW HITPOINT WARNING * * *
You hit Zgarb's ghost.
Zgarb's ghost is severely damaged.
Zgarb's ghost hits you!
You die...

#. #. #. ####.
[....
#..########..
#.###.....$....?.
#....!W@...#
#####..###.# #
<.... #.## #..##
####..###..###....
#.............#
#...#.#.......#
#..#.#.#......#
..##
#.#.#.#.#.....####
....
#..#.>.#.........#


You could see Zgarb's ghost.

Vanquished Creatures
  A howler monkey (D:3)
  An orc wizard (D:3)
  A worker ant (D:3)
  5 adders
  A worm (D:3)
  3 dart slugs
  4 orcs (D:3)
  4 giant cockroaches
  A goblin (D:1)
  11 hobgoblins
  2 jackals (D:3)
  7 kobolds
  A quokka (D:2)
  7 bats
  6 frilled lizards
  7 rats
62 creatures vanquished.

Notes
Turn   | Place    | Note
-------+----------+-------------------------------------------
     0 | D:1      | Inkary the Minotaur Gladiator began the quest for the Orb.
     0 | D:1      | Reached XP level 1. HP: 18/18 MP: 0/0
    29 | D:1      | Reached skill level 4 in Staves
    48 | D:1      | Reached XP level 2. HP: 18/25 MP: 1/1
   314 | D:1      | Reached skill level 5 in Staves
   379 | D:2      | Reached XP level 3. HP: 29/30 MP: 2/2
   602 | D:2      | Reached XP level 4. HP: 37/37 MP: 3/3
   612 | D:2      | Reached skill level 6 in Staves
  1195 | D:3      | Reached skill level 7 in Staves
  1195 | D:3      | Reached XP level 5. HP: 13/42 MP: 4/4
  1794 | D:4      | Found a staircase to the Ecumenical Temple.
  1833 | D:4      | Noticed Zgarb's ghost (amateur DsAK)
  1845 | Temple   | Entered the Ecumenical Temple
  1874 | Temple   | Became a worshipper of Makhleb the Destroyer
  1920 | D:4      | Slain by Zgarb's ghost

Skill      XL: |  1  2  3  4 |
---------------+-------------+-----
Staves         | 4 5 7 |  7.6
Fighting       | |  2.4
Throwing       | |  2.0
Dodging        | |  3.2

Action                   |  1- 3 |  4- 6 || total
-------------------------+-------+-------++-------
Melee: Quarterstaff      |    70 |    65 ||   135
       Headbutt          |     7 |    14 ||    21
       Staff             |       |    19 ||    19
Throw: Throwing net      |       |     2 ||     2
  Use: Potion            |       |     2 ||     2
  Eat: Chunk             |       |     2 ||     2
Armor: Leather armour    |    26 |    24 ||    50
Dodge: Dodged            |    40 |    39 ||    79
Block: Shield            |       |     6 ||     6
